 Dungeon Crawl Stone Soup version 0.30-a0-738-g116ff8c4af (webtiles) character file.

Game seed: 9971552140846918695

10 Newt the Ducker (level 2, 22/22 HPs)
             Began as a Demonspawn Gladiator on Feb 4, 2023.
             Was a Follower of Vehumet.
             Quit the game on level 1 of the Dungeon.
             The game lasted 00:00:30 (362 turns).

Newt the Ducker (Demonspawn Gladiator)               Turns: 362, Time: 00:00:31

Health: 22/22      AC:  4    Str: 14    XL:     2   Next: 10%
Magic:  2/2        EV: 12    Int:  9    God:    Vehumet [*.....]
Gold:   47         SH:  0    Dex: 14    Spells: 1/1 levels left

rFire   . . .      SeeInvis .    a - +0 rapier
rCold   . . .      Faith    .    (no shield)
rNeg    . . .      Spirit   .    b - +0 leather armour
rPois   .          Reflect  .    c - +0 helmet
rElec   .          Harm     .    (no cloak)
rCorr   .          Rampage  .    (no gloves)
Will    .....                    (no boots)
Stlth   ++                       (no amulet)
HPRegen 0.23/turn                (no ring)
MPRegen 0.08/turn                (no ring)

@: no status effects
A: demonic touch 1
a: Renounce Religion


You were on level 1 of the Dungeon.
You worshipped Vehumet.
Vehumet was aware of your devotion.
You visited 1 branch of the dungeon, and saw 1 of its levels.

You collected 47 gold pieces.

Inventory:

Hand Weapons
 a - a +0 rapier (weapon)
Missiles
 d - 4 throwing nets (quivered)
 e - a javelin
Armour
 b - a +0 leather armour (worn)
 c - a +0 helmet (worn)
Scrolls
 f - 3 scrolls of identify {unknown}
 i - 2 scrolls of noise {unknown}
Potions
 g - a potion of magic {unknown}
 h - 2 potions of lignification {unknown}
 j - a potion of curing {unknown}


   Skills:
 - Level 2.0 Fighting
 - Level 2.6 Short Blades
 - Level 1.7 Throwing
 - Level 2.6 Dodging
 + Level 1.8 Stealth


You had one spell level left.
You didn't know any spells.
Your spell library was empty.

Dungeon Overview and Level Annotations

Branches:
Dungeon (1/15)

Altars:
Vehumet


Innate Abilities, Weirdness & Mutations

Your touch may inflict minor irresistible damage on your foes.


Message History

A ball python comes into view.
There is an open door here.
A ball python is nearby!
Found 16 gold pieces.
The ball python hisses angrily.
You hit the ball python.
You kill the ball python!
No target in view!
No target in view!
No target in view!
No target in view!
No target in view!
No target in view!
You now have 31 gold pieces (gained 16).
You now have 47 gold pieces (gained 16).
As you open the door, it creaks loudly!
Found a faded altar of an unknown god.
There is an open door here.
A giant cockroach comes into view.
The giant cockroach moves out of view.
No target in view!
No target in view!
No target in view!
No target in view!
No target in view!
No target in view!
No target in view!
There is a faded altar of an unknown god here.
This altar belongs to (a) Gozag, (b) Wu Jian or (c) Vehumet, but you can't tell which.
Press the corresponding letter to learn more about a god, or press enter to convert or escape to cancel.
Vehumet accepts your prayer! Vehumet welcomes you!
You can now gain magical power from killing.
Vehumet offers you knowledge of Shock.
You catch the helpless giant cockroach completely off-guard!
You puncture the giant cockroach!
You kill the giant cockroach!
Vehumet accepts your kill.
You don't know any spells.
Okay, then.
Are you sure you want to abandon this character and quit the game? (Confirm with "yes".)

#.###...##..##.##.......#
#...##..>..##.......#
#############.......#
#.......# ###########
#.####### #.........# #.#
....#....###.#
#..#..#.##..#
#.#..#@.#.#..##
+####_####'.##
#.#..#..#.### #..#..#.#
....#....# #.........#
###########


There were no monsters in sight!

Vanquished Creatures
  An endoplasm (D:1)
  2 giant cockroaches (D:1)
  A goblin (D:1)
  A hobgoblin (D:1)
  A kobold (D:1)
  A ball python (D:1)
  A frilled lizard (D:1)
  A rat (D:1)
9 creatures vanquished.

Notes
Turn   | Place    | Note
-------+----------+-------------------------------------------
     0 | D:1      | Newt the Demonspawn Gladiator began the quest for the Orb.
     0 | D:1      | Reached XP level 1. HP: 16/16 MP: 1/1
    85 | D:1      | Reached skill level 1 in Stealth
   268 | D:1      | Gained mutation: Your touch may inflict minor irresistible
                  | damage on your foes. [demonic ancestry]
   268 | D:1      | Reached XP level 2. HP: 18/22 MP: 2/2
   351 | D:1      | Found a faded altar of an unknown god.
   359 | D:1      | Prayed at the altar of an unknown god.
   359 | D:1      | Became a worshipper of Vehumet
   359 | D:1      | Reached * piety under Vehumet
   359 | D:1      | Offered knowledge of Shock by Vehumet.
   362 | D:1      | Quit the game

Illustrated notes

Levels and vault maps discovered:
D:1:      nicolae_arrival_memento_mori, layout_basic,
          shapermc_ecumenical_altar_notcrosses

Skill      XL: |  1 |
---------------+----+-----
Stealth        | 1 |  1.8
Fighting       | |  2.0
Short Blades   | |  2.6
Throwing       | |  1.7
Dodging        | |  2.6

Action                     || total
---------------------------++-------
  Melee: Rapier            ||    31
         Punch             ||     1
   Stab: Distracted        ||     1
 Armour: Leather armour    ||     5
  Dodge: Dodged            ||    15

Table legend: (Time is in decaauts)
 A = Elapsed time spent in this place.
 B = Non-inter-level travel time spent in this place.
 C = Inter-level travel time spent in this place.
 D = Time resting spent in this place.
 E = Time spent auto-exploring this place.
 F = Levels seen in this place.
 G = Mean time per level.
                   A        B        C        D        E       F      G
               +--------+--------+--------+--------+--------+-----+--------+
         Total |    364 |    364 |      0 |      0 |    290 |   1 |  364.0 |
       Dungeon |    364 |    364 |      0 |      0 |    290 |   1 |  364.0 |
               +--------+--------+--------+--------+--------+-----+--------+

Top non-repeatable levels by time:
     D:1: 364 daAuts
